 Dungeon Crawl Stone Soup version 0.25-a0-667-gb977e01cb5 (webtiles) character file.

Game seed: 81107292636999730, levelgen mode: deterministic

3432 kae the Destroyer (level 10, -4/50 HPs)
             Began as a Tengu Air Elementalist on Mar 27, 2020.
             Was a Follower of Vehumet.
             Slain by a hippogriff (7 damage)
             ... on level 8 of the Dungeon.
             The game lasted 00:11:23 (10340 turns).

kae the Destroyer (Tengu Air Elementalist)         Turns: 10340, Time: 00:11:24

Health: -4/50      AC:  4    Str:  9    XL:     10   Next: 5%
Magic:  0/22       EV: 15    Int: 19    God:    Vehumet [*.....]
Gold:   351        SH:  0    Dex: 14    Spells: 10/23 levels left

rFire    . . .     SeeInvis .   h - +2 war axe (venom)
rCold    . . .     Gourm    .   (no shield)
rNeg     . . .     Faith    .   a - +0 robe
rPois    .         Spirit   +   (helmet restricted)
rElec    .         Reflect  .   b - +1 cloak {+Inv}
rCorr    .         Harm     .   (no gloves)
MR       .....                  (boots unavailable)
Stlth    ++........             k - amulet of guardian spirit
HPRegen  0.16/turn              (no ring)
MPRegen  0.18/turn              (no ring)

@: flying quickly and evasively, quick
A: beak, talons 3, able to fly
a: Stop Flying, Renounce Religion, Evoke Invisibility


You were on level 8 of the Dungeon.
You worshipped Vehumet.
Vehumet was aware of your devotion.
You were hungry.

You visited 2 branches of the dungeon, and saw 9 of its levels.

You collected 351 gold pieces.

Inventory:

Hand Weapons
 h - a +2 war axe of venom (weapon)
Armour
 a - a +0 robe (worn)
 b - a +1 cloak of invisibility (worn)
Jewellery
 k - an amulet of guardian spirit (around neck)
Wands
 d - a wand of random effects (13)
Scrolls
 f - 11 scrolls of teleportation
 g - 6 scrolls of remove curse
Potions
 e - a potion of resistance
 j - 2 potions of ambrosia
 l - a potion of cancellation
 m - a potion of might {unknown}
 o - 2 potions of curing
Comestibles
 c - 14 rations


   Skills:
 - Level 2.1 Dodging
 - Level 2.0 Stealth
 + Level 7.4 Spellcasting
 + Level 11.0 Conjurations
 + Level 10.9 Air Magic


You had 10 spell levels left.
You knew the following spells:

 Your Spells              Type           Power        Failure   Level  Hunger
a - Shock                 Conj/Air       ####         1%          1    None
b - Static Discharge      Conj/Air       #####...     1%          3    #......
c - Airstrike             Air            #####.....   1%          4    ###....
d - Lightning Bolt        Conj/Air       #####.....   3%          5    #####..

Your spell library contained the following spells:

 Spells                   Type           Power        Failure   Level  Hunger
 Sandblast                Erth           #.....       10%         1    None
 Swiftness                Chrm/Air       ####....     1%          2    None


Dungeon Overview and Level Annotations

Branches:
Dungeon (8/15)             Temple (1/1) D:6            Lair (0/6) D:8

Altars:
Ashenzari
Dithmenos
Elyvilon
Gozag
Hepliaklqana
Kikubaaqudgha
Makhleb
Nemelex Xobeh
Okawaru
Qazlal
Ru
Sif Muna
Trog
Vehumet
Wu Jian
Xom
Yredelemnul
Zin
The Shining One

Annotations:
D:3 exclusion: upstairs
D:5 exclusion: upstairs


Innate Abilities, Weirdness & Mutations

You have a beak for a mouth.
You have claws for feet.
You can fly continuously.


Message History

Aiming: Airstrike (safe; 1% risk of failure)
Press: ? - help, Dir - move target cursor, f - hippogriff
Aim: a hippogriff (moderately wounded)
The air twists around and violently strikes the hippogriff!!
The hippogriff is severely wounded.
The hippogriff bites you but does no damage.
The hippogriff closely misses you. The hippogriff claws you.
Casting: Airstrike (safe; 1% risk of failure)
Confirm with . or Enter, or press ? or * to list all spells.
You don't have enough magic to cast that spell.
Casting: Airstrike (safe; 1% risk of failure)
Confirm with . or Enter, or press ? or * to list all spells.
The hippogriff is struck by an arc of lightning!
The hippogriff is almost dead.
The lightning grounds out.
The hippogriff bites you!
* * * LOW HITPOINT WARNING * * *
The hippogriff pecks you!
* * * LOW HITPOINT WARNING * * *
The hippogriff claws you!
You die...

,,,,,* ***,≈,≈,#**
#.###,** ,,,,,*
*,+,,_,,+.* #.# *,*
,,,,,*
*,*,≈,≈,#.######.###.#
,,,,,*
*,*,,,,,#....÷.n.....#
,,,,,*
*,###+#####.##H..#####
,,,,,*
#.#......##..........#
,,,,,*
#........##..##...#..#
,,,,,*
######.#.##..##......#
,,,,,*
#.@H.....#....#..#
,,,,,*
####.##.#####.#.##
****** #.#...#....#.#
#.....#.##...##
#.###.#.#.....#
*****#.#*#.#.#.....#*
*,,,,...*#.....###...
*,*,#...,#.#.#.....##
*,,,#...,#.#.#.##..#,


You could see a hippogriff.

Vanquished Creatures
  Pikel (D:7)
  A hippogriff (D:8)
  A yak (D:8)
  A slave (D:7)
  An orc warrior (D:6)
  A black bear (D:7)
  2 sky beasts
  An ice beast (D:8)
  An ogre (D:7)
  A centaur (D:7)
  A necrophage (D:7)
  2 crocodiles
  3 bullfrogs
  A gnoll sergeant (D:5)
  A wyvern zombie (D:7)
  A scorpion (D:4)
  A water moccasin skeleton (D:5)
  5 wights (D:6)
  3 crimson imps
  A centaur zombie (D:7)
  5 bullfrog zombies
  A centaur skeleton (D:6)
  3 orc priests
  4 hounds
  2 iguanas
  Terence (D:2)
  6 orc wizards
  7 worker ants
  A hound skeleton (D:6)
  5 gnolls (D:5)
  9 adders
  4 shadow imps
  An adder skeleton (D:6)
  A worm (D:4)
  A dart slug (D:2)
  3 leopard geckos
  21 orcs
  3 ball pythons
  9 bats
  5 giant cockroaches
  6 goblins
  A hobgoblin (D:1)
  10 jackals
  6 kobolds
  3 quokkas
  5 frilled lizards
  2 gnoll zombies (D:5)
  2 jackal skeletons
  A jackal zombie (D:7)
  8 rats
166 creatures vanquished.

Notes
Turn   | Place    | Note
-------+----------+-------------------------------------------
     0 | D:1      | kae the Tengu Air Elementalist began the quest for the Orb.
     0 | D:1      | Reached XP level 1. HP: 10/10 MP: 4/4
   229 | D:1      | Reached skill level 2 in Conjurations
   230 | D:1      | Reached XP level 2. HP: 10/15 MP: 1/6
  1394 | D:2      | Reached XP level 3. HP: 12/19 MP: 5/7
  1399 | D:2      | Reached skill level 3 in Conjurations
  1508 | D:2      | Found a shattered altar of Ashenzari.
  1538 | D:2      | Noticed Terence
  1558 | D:2      | Killed Terence
  1628 | D:2      | Learned a level 3 spell: Static Discharge
  1641 | D:2      | Reached XP level 4. HP: 24/24 MP: 8/8
  1682 | D:2      | Found an opulent altar of Gozag.
  1976 | D:2      | Reached skill level 4 in Conjurations
  2159 | D:2      | Found a sparkling altar of Nemelex Xobeh.
  2708 | D:3      | Reached skill level 5 in Air Magic
  2977 | D:3      | Found a bloodstained altar of Trog.
  3029 | D:3      | Found an iron altar of Okawaru.
  3034 | D:3      | Gained mutation: You can fly continuously. [Tengu growth]
  3034 | D:3      | Reached XP level 5. HP: 28/28 MP: 7/10
  3505 | D:2      | Found a shadowy altar of Dithmenos.
  3844 | D:4      | Reached skill level 5 in Conjurations
  3937 | D:4      | Found a shimmering blue altar of Sif Muna.
  3970 | D:4      | Reached XP level 6. HP: 23/32 MP: 4/11
  4409 | D:4      | Reached skill level 6 in Conjurations
  4521 | D:4      | Found an ornate altar of the Wu Jian Council.
  4585 | D:5      | Entered Level 5 of the Dungeon
  4897 | D:5      | Found a hazy altar of Hepliaklqana.
  4948 | D:5      | Reached XP level 7. HP: 25/36 MP: 7/13
  5357 | D:4      | Learned a level 4 spell: Airstrike
  5363 | D:4      | Learned a level 5 spell: Lightning Bolt
  5737 | D:5      | Reached skill level 7 in Conjurations
  5777 | D:5      | Found a basalt altar of Yredelemnul.
  6459 | D:6      | Found a staircase to the Ecumenical Temple.
  6487 | Temple   | Entered the Ecumenical Temple
  6596 | Temple   | Became a worshipper of Vehumet
  6718 | D:6      | Reached XP level 8. HP: 41/41 MP: 10/16
  6984 | D:6      | Reached skill level 5 in Spellcasting
  6984 | D:6      | Reached skill level 8 in Conjurations
  8050 | D:7      | Reached skill level 9 in Conjurations
  8384 | D:7      | Reached XP level 9. HP: 38/45 MP: 8/18
  8467 | D:7      | Found a glowing silver altar of Zin.
  8569 | D:7      | Reached * piety under Vehumet
  8569 | D:7      | Offered knowledge of Sandblast by Vehumet.
  9331 | D:7      | Noticed Pikel
  9343 | D:7      | Killed Pikel
  9343 | D:7      | Reached skill level 10 in Conjurations
  9343 | D:7      | Reached skill level 10 in Air Magic
 10180 | D:7      | Reached XP level 10. HP: 42/50 MP: 16/21
 10238 | D:7      | Reached skill level 11 in Conjurations
 10340 | D:8      | Slain by a hippogriff

Levels and vault maps discovered:
D:1:      scummos_arrival_simple_fountains, layout_basic
D:2:      lemuel_upstairs_altar, layout_basic, grunt_gozag_statues,
          lemuel_round_altar, nemelex_altar_shiori, first_ration,
          chequers_arboretum, uniq_terence
D:3:      layout_loops_corners, marbit_many_paths, okawaru_ov_weapons_minmay
D:4:      layout_basic, lemuel_doored_altar, nicolae_overflow_hidden_temple
D:5:      layout_loops_ring, lemuel_zombie_altar_yredelemnul, old_standard_altar
D:6:      layout_rooms, minmay_temple_entry_drinking_statues
D:7:      layout_gridville, kennysheep_mini_moat, uniq_pikel
D:8:      layout_basic, kennysheep_little_box, david_lair_generic
Temple:   kb_temple_of_zot

Skill      XL: |  1  2  3  4  5  6  7  8  9 10 |
---------------+-------------------------------+-----
Conjurations   | 2 3 4 5 6 7 9 10 11 | 11.0
Air Magic      | 5 6 7 9 10 | 10.9
Spellcasting   | 3 4 5 7 |  7.4
Dodging        | |  2.1
Stealth        | |  2.0

Action                   |  1- 3 |  4- 6 |  7- 9 | 10-12 || total
-------------------------+-------+-------+-------+-------++-------
Melee: Unarmed           |    18 |       |       |       ||    18
       Kick              |    11 |    14 |    35 |       ||    60
       Peck              |     4 |    10 |    18 |       ||    32
       Spear             |    31 |    32 |       |       ||    63
       Hand axe          |       |    18 |       |       ||    18
       War axe           |       |    51 |   124 |       ||   175
 Cast: Shock             |    27 |    98 |   171 |     1 ||   297
       Airstrike         |       |       |    20 |     1 ||    21
       Static Discharge  |       |       |    11 |     4 ||    15
       Lightning Bolt    |       |       |     3 |     3 ||     6
 Abil: Fly               |       |     1 |       |       ||     1
  Use: Scroll            |     2 |     3 |     6 |       ||    11
       Potion            |       |     5 |       |       ||     5
 Stab: Sleeping          |     1 |     5 |     2 |       ||     8
  Eat: Chunk             |     3 |    10 |    19 |     1 ||    33
Armor: Robe              |    17 |    30 |    32 |     3 ||    82
Dodge: Dodged            |    45 |   111 |   169 |    13 ||   338

Table legend:
 A = Non-vault XP
 B = Vault XP
 C = Vault XP percentage of total XP
 D = Non-vault monster count
 E = Vault monster count
 F = Vault count percentage of total count
                 A         B        C        D         E       F
            +---------+---------+-------+---------+---------+-------
      Total |    3839 |    1065 |  21.7 |     157 |       8 |   4.8
            +---------+---------+-------+---------+---------+-------
        D:1 |      27 |       0 |   0.0 |      16 |       0 |   0.0
        D:2 |      63 |      36 |  36.4 |      23 |       1 |   4.2
        D:3 |     100 |       1 |   1.0 |      16 |       1 |   5.9
        D:4 |     259 |       0 |   0.0 |      17 |       0 |   0.0
        D:5 |     534 |       3 |   0.6 |      25 |       2 |   7.4
        D:6 |    1044 |       0 |   0.0 |      27 |       0 |   0.0
        D:7 |    1269 |     710 |  35.9 |      29 |       2 |   6.5
        D:8 |     543 |     315 |  36.7 |       4 |       2 |  33.3
            +---------+---------+-------+---------+---------+-------
